Map: Ulrena

Players

ShoWTimE - Winner!

  • Race: Protoss Protoss
  • League: Master

Guru

  • Race: Zerg Zerg
  • League: Diamond

Event: Homestory Cup XII

VOD

Have the link to the VOD?

Description

Time

  • Played on: Dec. 17, 2015, 7:54 a.m.
  • Length: 8:45

All games in this series

Show
View Real Time Build Order
Export as new Build Order

ShoWTimE Protoss - Winner!

Build Orders:  

Get SALT Encoding   

  12  0:01  Probe (Chrono Boost)  
  13  0:11  Probe (Chrono Boost)  
  14  0:18  Pylon  
  14  0:22  Probe (Chrono Boost)  
  15  0:36  Probe (Chrono Boost)  
  15  0:38  Gateway  
  16  0:46  Assimilator  
  16  0:47  Probe (Chrono Boost)  
  17  0:57  Probe (Chrono Boost)  
  18  1:08  Probe (Chrono Boost)  
  18  1:09  Gateway  
  20  1:18  Probe (Chrono Boost)  
  20  1:21  Pylon  
  20  1:26  Zealot (Chrono Boost)  
  20  1:29  Cybernetics Core  
  22  1:37  Pylon  
  21  1:40  Probe  
  22  1:52  Probe (Chrono Boost)  
  25  2:05  Adept (Chrono Boost)  
  27  2:08  Adept (Chrono Boost)  
  27  2:10  Mothership Core (Chrono Boost)  
  29  2:17  Pylon  
  29  2:28  Warp Gate  
  29  2:31  Probe (Chrono Boost)  
  30  2:41  Probe (Chrono Boost)  
  33  2:50  Nexus  
  31  2:52  Probe (Chrono Boost)  
  31  2:57  Pylon  
  32  3:02  Probe (Chrono Boost)  
  33  3:10  Assimilator  
  33  3:13  Probe (Chrono Boost)  
  34  3:20  Adept  
  34  3:23  Probe (Chrono Boost)  
  38  3:34  Probe (Chrono Boost)  
  38  3:36  Twilight Council  
  38  3:44  Probe (Chrono Boost)  
  39  3:55  Probe (Chrono Boost), Robotics Facility  
  37  4:02  Probe (Chrono Boost)  
  37  4:05  Resonating Glaives (Chrono Boost), Probe (Chrono Boost)  
  38  4:12  Probe (Chrono Boost)  
  38  4:13  Pylon  
  38  4:16  Probe  
  40  4:22  Probe  
  41  4:28  Probe  
  42  4:31  Gateway  
  42  4:32  Probe  
  42  4:34  Gateway  
  43  4:40  Probe  
  43  4:42  Warp Prism (Chrono Boost)  
  43  4:45  Probe  
  47  4:52  Probe, Assimilator  
  48  4:53  Assimilator  
  48  4:55  Adept  
  48  4:57  Probe  
  48  4:58  Adept  
  53  5:04  Probe  
  54  5:07  Forge  
  54  5:09  Probe  
  55  5:16  Probe, Adept  
  55  5:19  Observer (Chrono Boost)  
  55  5:21  Probe  
  60  5:26  Adept  
  62  5:29  Probe  
  62  5:33  Probe  
  64  5:37  Nexus  
  64  5:40  Blink  
  64  5:41  Probe  
  65  5:45  Probe  
  66  5:51  Adept x2  
  66  5:53  Probe  
  66  5:56  Protoss Ground Weapons Level 1 (Chrono Boost)  
  67  5:57  Pylon  
  67  6:04  Probe  
  68  6:13  Gateway x2  
  68  6:16  Immortal (Chrono Boost)  
  72  6:18  Gateway  
  72  6:24  Gateway  
  72  6:28  Pylon  
  72  6:37  Photon Cannon  
  72  6:38  Probe x2  
  74  6:43  Sentry x2  
  74  6:47  Pylon x2  
  78  6:51  Sentry  
  80  6:54  Stalker  
  80  6:57  Pylon  
  80  6:59  Pylon  
  82  7:08  Stalker x2  
  82  7:15  Stalker x3  
  88  7:18  Stalker  
  88  7:22  Sentry, Stalker  
  98  7:27  Pylon  
  98  7:40  Stalker x3  
  98  7:42  Stalker  
  98  7:43  Stalker x2  
  110  7:47  Pylon  
  110  7:50  Stalker  
  108  8:04  Stalker  
  108  8:05  Stalker x3  
  110  8:09  Stalker x2  
  114  8:23  Stalker  
  114  8:24  Stalker  
  118  8:32  Stalker x4  
  118  8:33  Stalker  
Show
View Real Time Build Order
Export as new Build Order

Guru Zerg 

Build Orders: Pool First 

Get SALT Encoding   

  12  0:01  Drone  
  13  0:08  Drone  
  14  0:25  Spawning Pool  
  13  0:29  Drone  
  14  0:36  Overlord  
  14  0:42  Extractor  
  13  0:44  Drone  
  14  0:55  Drone  
  15  1:12  Zergling x6  
  15  1:13  Queen  
  20  1:23  Drone  
  21  1:36  Drone  
  22  1:45  Hatchery  
  21  1:50  Drone  
  22  1:56  Overlord  
  22  2:15  Drone, Queen  
  24  2:20  Drone  
  26  2:24  Drone x3  
  29  2:31  Overlord  
  29  2:35  Metabolic Boost  
  29  2:41  Drone  
  30  2:54  Drone  
  30  2:55  Drone x3  
  34  3:02  Overlord  
  34  3:04  Zergling x2  
  33  3:09  Zergling x2  
  34  3:16  Zergling x2  
  31  3:29  Drone x5  
  31  3:30  Drone  
  36  3:34  Drone  
  36  3:44  Drone  
  36  3:47  Drone  
  35  3:49  Drone  
  36  3:56  Drone  
  36  4:00  Drone  
  38  4:03  Drone  
  38  4:04  Drone  
  38  4:07  Roach Warren  
  39  4:11  Drone x2  
  39  4:14  Spore Crawler  
  39  4:16  Drone  
  41  4:18  Drone  
  41  4:21  Drone  
  43  4:32  Hatchery  
  43  4:36  Evolution Chamber  
  43  4:37  Drone  
  42  4:39  Drone  
  42  4:42  Drone x2  
  45  4:47  Drone x3  
  48  4:53  Overlord  
  48  4:55  Extractor  
  48  4:57  Roach x2  
  52  5:04  Overlord  
  52  5:10  Overlord  
  52  5:11  Queen  
  52  5:12  Evolution Chamber  
  52  5:14  Overlord  
  52  5:15  Drone x2  
  52  5:18  Ravager x2  
  52  5:19  Drone  
  57  5:21  Drone  
  57  5:24  Drone x2  
  60  5:30  Lair  
  60  5:31  Drone  
  60  5:32  Drone  
  60  5:35  Drone x2  
  64  5:37  Drone  
  64  5:40  Zerg Melee Weapons Level 1  
  63  5:51  Drone  
  63  5:55  Roach x3  
  69  5:59  Drone  
  69  6:01  Roach x2  
  69  6:03  Roach  
  69  6:04  Roach  
  78  6:05  Roach  
  78  6:08  Roach  
  78  6:10  Overlord  
  82  6:11  Overlord  
  82  6:19  Drone x3  
  86  6:25  Ravager  
  86  6:26  Overlord  
  86  6:27  Zergling x2  
  86  6:28  Zergling x2  
  86  6:31  Hatchery, Zergling x4  
  89  6:35  Zergling x4  
  89  6:36  Zergling x2  
  89  6:37  Zergling x2  
  92  6:40  Glial Reconstitution, Zergling x2  
  92  6:42  Drone  
  94  6:47  Drone  
  94  6:48  Queen  
  94  6:50  Extractor  
  94  6:53  Drone x3  
  99  6:59  Drone  
  99  7:00  Drone x4  
  104  7:01  Infestation Pit  
  104  7:02  Drone  
  104  7:03  Drone  
  104  7:05  Drone  
  106  7:14  Extractor  
  105  7:16  Drone x3  
  105  7:18  Hatchery  
  105  7:21  Queen  
  113  7:22  Roach  
  113  7:23  Roach  
  113  7:29  Overlord, Spine Crawler  
  112  7:31  Ravager x2  
  112  7:33  Overlord  
  112  7:35  Overlord  
  114  7:42  Zergling x2  
  114  7:44  Overlord  
  114  7:46  Zergling x10  
  114  7:47  Zergling x2  
  119  7:55  Roach  
  119  7:56  Roach x3  
  120  8:00  Roach  
  120  8:04  Roach x3  
  106  8:07  Roach  
  106  8:09  Roach  
  106  8:10  Zergling x4  
  106  8:11  Zergling x8  
  112  8:13  Roach  
  112  8:17  Roach  
  115  8:20  Roach x2  
  115  8:22  Roach  
  113  8:27  Zergling x4  
Tags
 
Add a new tag
Caveats
  • Supply blocks, unpowered buildings, or Contaminate may cause inaccurate times.
  • Supply counts are checked every 10 seconds.